 Dungeon Crawl Stone Soup version 0.27-a0-1532-gca18f49f40 (webtiles) character file.

Game seed: 14736727200072585685

58560 mandarbmax the Victor of a Thousand Battles (level 14, -1/129 HPs)
             Began as a Purple Draconian Transmuter on July 13, 2021.
             Was the Champion of Okawaru.
             Slain by an orc knight (28 damage)
             ... on level 1 of the Orcish Mines on July 14, 2021.
             The game lasted 01:08:55 (23042 turns).

mandarbmax the Victor of a Thousand Battles (DrTm) Turns: 23042, Time: 01:08:55

Health: -1/129     AC: 12    Str: 20    XL:     14   Next: 49%
Magic:  23/24      EV: 17    Int: 24    God:    Okawaru [******]
Gold:   959        SH:  0    Dex: 13    Spells: 3/23 levels left

rFire    + + .     SeeInvis +   G - +8 great sword "Jellybane" {venom, rC+ Int+2}
rCold    + . .     Faith    .   (shield currently unavailable)
rNeg     . . .     Spirit   .   (armour unavailable)
rPois    +         Reflect  .   (helmet restricted)
rElec    .         Harm     .   (no cloak)
rCorr    .         Rampage  .   L - +0 pair of gloves of the Empire {Str+4 Stlth+}
Will     ++...                  Q - +2 pair of boots
Stlth    ++........             p - amulet of regeneration
HPRegen  1.31/turn              x - ring "Xodghou" {*Corrode rPois Str+2 Int+6 SInv}
MPRegen  0.19/turn              t - ring of protection from fire

@: wereblooded, studying Invocations
A: breathe power, AC +8, unfitting armour, cold-blooded, fire resistance 1
a: Breathe Dispelling Energy, Renounce Religion, Heroism, Finesse


You were on level 1 of the Orcish Mines.
You worshipped Okawaru.
Okawaru was exalted by your worship.
You visited 3 branches of the dungeon, and saw 19 of its levels.
You also visited: Bailey.

You collected 2218 gold pieces.
You spent 1259 gold pieces at shops.

Inventory:

Hand Weapons
 G - the +8 great sword "Jellybane" (weapon) {venom, rC+ Int+2}
   (Okawaru gifted it to you on level 5 of the Lair of Beasts)

   It poisons the flesh of those it strikes.
   Int:       It affects your intelligence (+2).
   rC:        It protects you from cold.
Missiles
 c - 8 javelins
 f - 102 poisoned darts (quivered)
 w - 13 throwing nets
 z - 4 atropa-tipped darts
 C - 8 curare-tipped darts
 I - 25 boomerangs
Armour
 L - the +0 pair of gloves of the Empire (worn) {Str+4 Stlth+}
   (Okawaru gifted it to you on level 1 of the Orcish Mines)

   Str:       It affects your strength (+4).
   Stlth:     It makes you more stealthy.
 Q - a +2 pair of boots (worn)
Jewellery
 p - an amulet of regeneration (around neck)
 t - a ring of protection from fire (right hand)
 x - the ring "Xodghou" (left hand) {*Corrode rPois Str+2 Int+6 SInv}
   (You took it off a gnoll sergeant in a bailey)

   [ring of poison resistance]

   Str:       It affects your strength (+2).
   Int:       It affects your intelligence (+6).
   rPois:     It protects you from poison.
   SInv:      It lets you see invisible.
   *Corrode:  It may corrode you when you take damage.
 J - a +6 ring of strength
 O - the ring of Cunuraf {rPois rF- Int+6 Dex+4}
   (You found it on level 5 of the Lair of Beasts)

   [ring of intelligence]

   Int:       It affects your intelligence (+6).
   Dex:       It affects your dexterity (+4).
   rF:        It makes you vulnerable to fire.
   rPois:     It protects you from poison.
 W - a ring of see invisible
Wands
 n - a wand of acid (2)
 q - a wand of iceblast (4)
 H - a wand of digging (4)
 M - a wand of mindburst (9)
 N - a wand of polymorph (8)
 Z - a wand of flame (25)
Scrolls
 b - 2 scrolls of fear
 i - 3 scrolls of silence
 j - 8 scrolls of amnesia
 k - 7 scrolls of teleportation
 l - 4 scrolls of vulnerability
 u - a scroll of enchant weapon
 y - a scroll of holy word
 B - a scroll of fog
 E - a scroll of blinking
 F - a scroll of immolation
 T - a scroll of enchant armour
 U - a scroll of summoning
 Y - 3 scrolls of identify
Potions
 a - 4 potions of cancellation
 d - 3 potions of attraction
 e - 3 potions of lignification
 g - 3 potions of flight
 h - a potion of might
 o - 5 potions of brilliance
 r - 3 potions of haste
 s - 2 potions of invisibility
 v - 6 potions of magic
 A - 3 potions of mutation
 D - 3 potions of berserk rage
 K - 3 potions of ambrosia
 R - 7 potions of curing
Miscellaneous
 m - a phial of floods
 S - a condenser vane
 V - a lightning rod (4/4)


   Skills:
 + Level 13.3 Fighting
 - Level 11.0 Dodging
 - Level 12.0 Unarmed Combat
 - Level 5.0 Spellcasting
 - Level 4.0 Summonings
 - Level 9.0 Transmutations
 - Level 6.0 Ice Magic
 + Level 13.6 Invocations
 - Level 4.0 Evocations


You had 3 spell levels left.
You knew the following spells:

 Your Spells              Type           Power      Damage    Failure   Level
a - Blink                 Tloc           N/A        N/A       13%         2
b - Wereblood             Tmut           49%        N/A       1%          2
c - Spider Form           Tmut/Pois      13%        N/A       4%          3
d - Ice Form              Ice/Tmut       42%        N/A       4%          4
e - Summon Ice Beast      Ice/Summ       30%        N/A       11%         4
f - Blade Hands           Tmut           24%        N/A       6%          5

Your spell library contained the following spells:

 Spells                   Type           Power      Damage    Failure   Level
 Beastly Appendage        Tmut           98%        N/A       1%          1
 Freeze                   Ice            100%       1d11      1%          1
 Call Imp                 Summ           25%        N/A       2%          2
 Frozen Ramparts          Ice            68%        1d8       2%          3
 Magic Dart               Conj           24%        1d4       9%          1
 Gell's Gravitas          Tloc           3%         N/A       26%         3
 Inner Flame              Hex/Fire       6%         N/A       26%         3
 Lesser Beckoning         Tloc           3%         N/A       26%         3
 Mephitic Cloud           Conj/Pois/Air  6%         N/A       26%         3
 Portal Projectile        Hex/Tloc       12%        N/A       26%         3
 Teleport Other           Tloc           6%         N/A       26%         3
 Hailstorm                Conj/Ice       20%        3d6       26%         4
 Cause Fear               Hex            3%         N/A       65%         4
 Excruciating Wounds      Necr           3%         N/A       94%         5
 Manifold Assault         Tloc           6%         N/A       94%         5
 Dispersal                Tloc           3%         N/A       100%        6
 Malign Gateway           Summ/Tloc      7%         N/A       100%        7
 Borgnjor's Revivificati  Necr           3%         N/A       100%        8
 Necromutation            Tmut/Necr      13%        N/A       100%        8
 Death's Door             Necr           3%         N/A       100%        9


Dungeon Overview and Level Annotations

Branches:
Dungeon (12/15)            Temple (0/1) D:6            Lair (5/6) D:10
 Shoals (0/4) Lair:3        Snake (0/4) Lair:3          Orc (2/2) D:12
    Elf (0/3) Orc:2        Bailey (visited)
  Slime: Lair:5-6

Altars:
Cheibriados
Okawaru
Sif Muna
Xom
Yredelemnul

Shops:
D:1 ?   D:2 !   D:5 (   D:6 !   D:9 *   Orc:2 [*


Innate Abilities, Weirdness & Mutations

You can breathe bolts of dispelling energy.
Your rich purple scales are hard. (AC +8)
You cannot fit into any form of body armour.
You are cold-blooded and may be slowed by cold attacks.
Your flesh is heat resistant. (rF+)


Message History

The orc high priest is severely wounded.
The iceblast engulfs the smoke demon!
The smoke demon is moderately wounded.
The iceblast engulfs the orc knight!
The orc knight is moderately wounded.
The iceblast engulfs the orc knight!!
The orc knight is heavily wounded.
You hear a shout! x2
A cyclops comes into view.
The smoke demon gestures at you. Beogh smites you!
The orc high priest hits you with a +2 vampiric war axe!
Unknown command.
You shred the orc high priest!!!
You feel a bit better.
You kill the orc high priest!
Okawaru accepts your kill.
The sixfirhy disappears in a puff of smoke!
The smoke demon disappears in a puff of smoke!
The sixfirhy disappears in a puff of smoke!
The orc warlord shoots a bolt.
The bolt hits you!!
An orc warrior comes into view. It is wielding a +0 flail.
An orc warrior comes into view. It is wielding a +0 glaive.
The orc knight hits you with a +0 long sword!!
The orc sorcerer gestures at you while chanting.
The bolt of negative energy misses you.
The orc warlord shoots a bolt.
The bolt hits you!!
* * * LOW HITPOINT WARNING * * *
The orc knight hits you with a +0 long sword!
* * * LOW HITPOINT WARNING * * *
You climb upwards.
There is a stone staircase leading down here.
Unknown command.
Your hands revert to their normal proportions.
The +8 great sword "Jellybane" {venom, rC+ Int+2} unmelds from your body.
The +0 pair of gloves of the Empire {Str+4 Stlth+} unmelds from your body.
The +8 great sword "Jellybane" {venom, rC+ Int+2} begins to drip with poison!
The orc knight cheers loudly.
Unknown command.
The orc knight hits you with a +0 war axe!!
You die...

......##.#..........#
#......##..........##
#..............>....#
.............>.....##
...................##
.....#.##...........#
#................o..#
##..............o..##
##..............@..##
...............#....#
..............#....##
.#...............###
###....)[..#.##.## #
##...)....##.##
##...[.......#
#.......##.##
##.#...#####


You could see 2 orc knights.

Vanquished Creatures
  3 entropy weavers (Lair:5)
  Harold (D:9)
  3 ghost crabs (Lair:5)
  3 boulder beetles
  2 hydras
  Erica (Orc:1)
  7 two-headed ogres
  A tengu warrior (D:10)
  7 death yaks
  An orc high priest (Orc:2)
  5 fire crabs (Lair:5)
  2 nameless horrors (Lair:4)
  Pikel (D:9)
  3 orc sorcerers
  A manticore (Lair:3)
  An ugly thing (D:12)
  Joseph (D:7)
  5 black mambas
  3 elephants (Lair:5)
  An apocalypse crab (Lair:5)
  A torpor snail (Lair:4)
  8 cane toads
  3 unseen horrors (D:11)
  A kobold demonologist (D:9)
  A rime drake (Lair:5)
  15 komodo dragons
  A polar bear (Lair:3)
  7 trolls
  A meliai (Lair:1)
  2 hornets
  A wind drake (Lair:3)
  2 slime creatures (D:10)
  3 snapping turtles (D:10)
  2 spriggans (Lair:3)
  31 yaks
  2 shadows
  3 wraiths
  4 wyverns
  5 basilisks
  A vampire (D:12)
  A golden eye (shapeshifter) (D:10)
  2 steam dragons
  2 vampire mosquitoes (D:10)
  2 acid dragons (D:10)
  22 water moccasins
  3 wargs
  24 orc warriors
  7 black bears
  An ice beast (D:6)
  7 ogres
  The ghost of Nausicaa the Chopper, an amateur DsCK of Xom (D:6)
  8 wolves
  9 centaurs
  4 kobold brigands
  A phantom (D:6)
  13 bullfrogs
  8 gnoll sergeants (Bailey)
  2 scorpions (D:5)
  A wyvern skeleton (D:7)
  10 killer bees
  An electric eel (Lair:1)
  2 howler monkeys
  2 centaur zombies
  A bullfrog zombie (D:6)
  3 hounds
  13 orc priests
  8 gnoll shamans
  3 jellies
  2 bullfrog skeletons
  A centaur skeleton (D:4)
  Ijyb (D:4)
  2 iguanas
  16 orc wizards
  3 killer bee zombies
  7 adders
  33 gnolls
  A white imp (D:5)
  3 dart slugs
  45 orcs
  7 endoplasms
  8 giant cockroaches
  6 goblins
  6 hobgoblins
  4 jackals
  A quokka (D:3)
  7 ball pythons
  2 bats (D:2)
  8 frilled lizards
  26 kobolds
  4 rats
500 creatures vanquished.

Vanquished Creatures (others)
  An orc high priest (Orc:2)
  2 orcs (Orc:2)
  24 fungi
  61 plants
88 creatures vanquished.

Grand Total: 588 creatures vanquished

Notes
Turn   | Place    | Note
-------+----------+-------------------------------------------
     0 | D:1      | mandarbmax the Draconian Transmuter began the quest for the
                  | Orb.
     0 | D:1      | Reached XP level 1. HP: 16/16 MP: 3/3
   124 | D:1      | Reached XP level 2. HP: 20/23 MP: 3/5
   493 | D:1      | Found Xeke's Magic Scroll Shop.
   531 | D:1      | Found a faded altar of an unknown god.
   539 | D:1      | Became a worshipper of Warmaster Okawaru
   539 | D:1      | Reached * piety under Okawaru
   681 | D:1      | Learned a level 2 spell: Wereblood
   777 | D:2      | Reached XP level 3. HP: 27/28 MP: 3/6
   907 | D:2      | Found Loul's Distillery.
   992 | D:2      | Bought a potion of might for 56 gold pieces
  1173 | D:2      | Learned a level 3 spell: Spider Form
  2036 | D:3      | Reached XP level 4. HP: 31/35 MP: 1/7
  2839 | D:4      | Noticed an ogre
  2848 | D:4      | Killed an ogre
  2849 | D:4      | Reached XP level 5. HP: 41/41 MP: 3/8
  3019 | D:4      | Reached skill level 5 in Unarmed Combat
  3158 | D:4      | Noticed Ijyb
  3182 | D:4      | Killed Ijyb
  3346 | D:4      | Reached XP level 6. HP: 41/48 MP: 1/9
  3790 | D:5      | Entered Level 5 of the Dungeon
  3925 | D:5      | Reached ** piety under Okawaru
  4090 | D:5      | Found Kiabie's Antique Weapon Shop.
  4115 | D:5      | Your scales start taking on a rich purple colour.
  4115 | D:5      | Reached XP level 7. HP: 32/59 MP: 6/10
  4331 | D:5      | Reached skill level 1 in Invocations
  4331 | D:5      | Reached skill level 1 in Evocations
  4502 | D:5      | Reached *** piety under Okawaru
  5332 | D:6      | Reached XP level 8. HP: 10/66 MP: 1/11
  5727 | D:6      | Found Isinoda's Distillery.
  5730 | D:6      | Bought a potion of heal wounds for 60 gold pieces
  5730 | D:6      | Bought a potion of mutation for 96 gold pieces
  5730 | D:6      | Bought a potion of lignification for 36 gold pieces
  5817 | D:6      | Found a staircase to the Ecumenical Temple.
  6094 | D:6      | Found a runed translucent gate.
  6094 | D:6      | Found a runed translucent gate.
  6094 | D:6      | Found a runed translucent gate.
  6094 | D:6      | Noticed Nausicaa's ghost (amateur DsCK)
  6113 | D:6      | Found a basalt altar of Yredelemnul.
  6267 | D:6      | Killed Nausicaa's ghost
  6496 | D:2      | Bought a potion of berserk rage for 70 gold pieces
  6714 | D:7      | Noticed Joseph
  6732 | D:7      | Killed Joseph
  6732 | D:7      | Reached **** piety under Okawaru
  6801 | D:7      | Received a gift from Okawaru
  6909 | D:7      | Reached skill level 5 in Dodging
  6909 | D:7      | Reached XP level 9. HP: 68/71 MP: 7/13
  7504 | D:7      | Learned a level 2 spell: Blink
  7926 | D:8      | Reached skill level 5 in Fighting
  7999 | D:8      | Identified the +9 rapier of Sufficient Judgement {vorpal,
                  | rPois}
  8360 | D:8      | Noticed a two-headed ogre
  8368 | D:8      | Killed a two-headed ogre
  8368 | D:8      | Reached ***** piety under Okawaru
  8369 | D:8      | Reached XP level 10. HP: 91/91 MP: 14/14
  8821 | D:6      | Bought a potion of ambrosia for 96 gold pieces
  8898 | D:2      | Bought a potion of heal wounds for 70 gold pieces
  8898 | D:2      | Bought a potion of lignification for 42 gold pieces
  9048 | D:9      | Found Gympeiliat's General Store.
  9058 | D:9      | Bought a scroll of identify for 30 gold pieces
  9125 | D:9      | Noticed a two-headed ogre
  9132 | D:9      | Killed a two-headed ogre
  9273 | D:9      | Noticed Harold
  9281 | D:9      | Noticed Pikel
  9286 | D:9      | Killed Harold
  9287 | D:9      | Reached skill level 10 in Unarmed Combat
  9296 | D:9      | Killed Pikel
  9330 | D:9      | Gained mutation: Your flesh is heat resistant. (rF+) [a
                  | neqoxec]
  9332 | D:9      | Received a gift from Okawaru
  9851 | D:9      | Reached XP level 11. HP: 65/97 MP: 13/15
  9927 | D:9      | Identified the +8 dagger of the Dark Horse {vorpal, rF+ rC+
                  | Dex-3}
 10318 | D:9      | Identified a scroll of acquirement
 10319 | D:9      | Acquired a manual of Invocations
 10464 | D:10     | Entered Level 10 of the Dungeon
 10698 | D:10     | Reached skill level 10 in Fighting
 10861 | D:10     | Identified the +0 pair of gloves "Busait" {-Tele rF- rCorr
                  | Str+8} (Okawaru gifted it to you on level 10 of the
                  | Dungeon)
 10861 | D:10     | Received a gift from Okawaru
 10872 | D:10     | Noticed a tengu warrior
 10872 | D:10     | Noticed a two-headed ogre
 10883 | D:10     | Killed a tengu warrior
 10890 | D:10     | Noticed a two-headed ogre
 10892 | D:10     | Killed a two-headed ogre
 10916 | D:10     | Killed a two-headed ogre
 10968 | D:10     | Noticed a two-headed ogre
 11024 | D:10     | Killed a two-headed ogre
 11435 | D:10     | Found a staircase to the Lair.
 11614 | D:10     | Noticed a sea snake
 11764 | D:10     | Reached skill level 5 in Transmutations
 12105 | D:11     | Noticed a boulder beetle
 12113 | D:11     | Killed a boulder beetle
 12114 | D:11     | Reached XP level 12. HP: 81/110 MP: 11/19
 12344 | D:11     | Noticed a boulder beetle
 12356 | D:11     | Killed a boulder beetle
 12357 | D:11     | Reached skill level 10 in Invocations
 12619 | D:11     | Noticed a four-headed hydra
 12629 | D:11     | Killed a four-headed hydra
 13386 | D:12     | Noticed a boulder beetle
 13397 | D:12     | Killed a boulder beetle
 13400 | D:12     | Received a gift from Okawaru
 13439 | D:12     | Noticed a two-headed ogre
 13446 | D:12     | Killed a two-headed ogre
 13453 | D:12     | Found a snail-covered altar of Cheibriados.
 13475 | D:12     | Found a flagged portal.
 13484 | Bailey   | Entered a bailey
 13544 | Bailey   | Identified the ring "Xodghou" {*Corrode rPois Str+2 Int+6
                  | SInv}
 13604 | Bailey   | Identified the +2 leather armour of Atheism {rN+ Dex+3}
 13920 | D:12     | Noticed a two-headed ogre
 13929 | D:12     | Killed a two-headed ogre
 14019 | D:12     | Got the Collected Works on Enchanting Dislocation
 14074 | D:12     | Found a staircase to the Orcish Mines.
 14650 | D:2      | Bought a potion of ambrosia for 112 gold pieces
 14650 | D:2      | Bought a potion of curing for 42 gold pieces
 14650 | D:2      | Bought a potion of haste for 140 gold pieces
 14650 | D:2      | Bought a potion of cancellation for 112 gold pieces
 14727 | D:6      | Bought a potion of brilliance for 48 gold pieces
 14727 | D:6      | Bought a potion of curing for 36 gold pieces
 14727 | D:6      | Bought a potion of curing for 36 gold pieces
 14727 | D:6      | Bought a potion of cancellation for 96 gold pieces
 14727 | D:6      | Bought a potion of curing for 36 gold pieces
 14782 | D:9      | Bought a scroll of teleportation for 45 gold pieces
 14844 | Lair:1   | Entered Level 1 of the Lair of Beasts
 14918 | Lair:1   | Noticed Sonja
 14921 | Lair:1   | Noticed Sonja
 14921 | Lair:1   | Sonja changed into Sonja the meliai
 14925 | Lair:1   | Killed Sonja the meliai
 15641 | Lair:1   | Learned a level 4 spell: Ice Form
 15646 | Lair:1   | Learned a level 4 spell: Summon Ice Beast
 16205 | Lair:2   | Reached XP level 13. HP: 113/119 MP: 19/22
 16849 | Lair:3   | Identified the +7 scimitar of Fiumny {antimagic, rPois
                  | Stlth+}
 16921 | Lair:3   | Found a staircase to the Snake Pit.
 16953 | Lair:3   | Reached skill level 1 in Ice Magic
 17025 | Lair:3   | Received a gift from Okawaru
 17218 | Lair:3   | Found a staircase to the Shoals.
 18768 | Lair:4   | Reached skill level 5 in Ice Magic
 18845 | Lair:4   | Found a shimmering altar of Xom.
 19504 | Lair:5   | Reached skill level 1 in Summonings
 19645 | Lair:5   | Reached ****** piety under Okawaru
 19806 | Lair:5   | Identified the +8 great sword "Jellybane" {venom, rC+
                  | Int+2} (Okawaru gifted it to you on level 5 of the Lair of
                  | Beasts)
 19806 | Lair:5   | Received a gift from Okawaru
 20059 | Lair:5   | Identified the ring of Cunuraf {rPois rF- Int+6 Dex+4}
 20087 | Lair:5   | Found a runed translucent door.
 20482 | Lair:5   | Reached skill level 5 in Spellcasting
 20550 | Lair:5   | Learned a level 5 spell: Blade Hands
 20556 | Lair:5   | Reached XP level 14. HP: 117/129 MP: 18/23
 20977 | Lair:5   | Reached skill level 10 in Dodging
 21458 | Orc:1    | Entered Level 1 of the Orcish Mines
 21491 | Orc:1    | Identified the +0 pair of gloves of the Empire {Str+4
                  | Stlth+} (Okawaru gifted it to you on level 1 of the Orcish
                  | Mines)
 21491 | Orc:1    | Received a gift from Okawaru
 21650 | Orc:1    | Noticed Erica
 21659 | Orc:1    | Killed Erica
 21876 | Orc:1    | Found a shimmering blue altar of Sif Muna.
 22283 | Orc:2    | Entered Level 2 of the Orcish Mines
 22590 | Orc:2    | Noticed an orc warlord
 22931 | Orc:2    | Found a staircase to the Elven Halls.
 23004 | Orc:2    | Found Weuscha's Gadget Gallery.
 23023 | Orc:2    | Found Bojemylisa's Antique Armour Shop.
 23042 | Orc:1    | Slain by an orc knight

Illustrated notes

Levels and vault maps discovered:
D:1:      dpeg_arrival_prison, layout_basic, serial_shops, shop,
          shapermc_ecumenical_altar_totnotflames, minmay_splitting_lines,
          minmay_indecisive_spiral
D:2:      layout_rooms, serial_shops, nicolae_shop_stone, minivault_5,
          minmay_heptomino_w4
D:3:      layout_loops_corners
D:4:      layout_rooms, minmay_diced_spiral, uniq_ijyb
D:5:      layout_basic, serial_shops, shop, minmay_between
D:6:      layout_gridville, nicolae_yredelemnul_ghost_church,
          minmay_temple_entry_offerings, serial_shops, nicolae_stop_n_shop_1
D:7:      layout_cave_pods, minmay_misc_feat_enclosed, minivault_24,
          minmay_misc_feat_four_crosses, uniq_joseph
D:8:      layout_layer_cave, dk_noncrumbling_4
D:9:      layout_gridville, serial_shops, shop, serial_glass, glass_columns_a,
          glass_columns_c, glass_columns_c, glass_columns_a, uniq_harold,
          uniq_pikel
D:10:     minmay_bloctagon, layout_basic, erik_lair_orcish_takeover,
          serial_aquarium, aquarium_bridge_long_joined
          [aquarium_subvault_bridge, aquarium_subvault_balcony,
          aquarium_subvault_window, aquarium_subvault_wall,
          aquarium_subvault_window, aquarium_subvault_bridge],
          aquarium_window_corridor_3, aquarium_window_fake, aquarium_view_2a,
          aquarium_balcony_5b
D:11:     layout_loops_cross, hangedman_decor_lopped
D:12:     layout_basic, orc_0_dummy, enter_bailey_8, cheibriados_altar_1
Lair:1:   layout_cave_pods, serial_bayou, serial_bayou_lagoon_a,
          serial_bayou_pond_e, serial_bayou_pond_c, serial_bayou_pond_d,
          uniq_sonja
Lair:2:   layout_regular_city
Lair:3:   layout_gridlike, minmay_shoals_entry_beasts,
          minmay_snake_entry_six_corridors, st_stairs_5, forest_entry_grove,
          infiniplex_staircase_pool_2
Lair:4:   layout_long_grid, basic_altar, minivault_19
Lair:5:   gammafunk_mikee_crab_dinner, layout_regular_city, beast_lair_carwin_1
Orc:1:    layout_caves, kennysheep_orc_sif_temple, uniq_erica
Orc:2:    grunt_orc_gardens, layout_diamond_mine, grunt_orc_garden,
          grunt_orc_garden, grunt_orc_garden, grunt_orc_garden, serial_shops,
          nicolae_shop_trees, nicolae_shop_gadgets

Skill      XL: |  1  2  3  4  5  6  7  8  9 10 11 12 13 14 |
---------------+-------------------------------------------+-----
Dodging        | 2 3 5 6 8 9 11 | 11.0
Unarmed Combat | 4 5 6 8 10 12 | 12.0
Transmutations | 3 4 5 6 9 |  9.0
Fighting       | 2 4 9 11 12 13 | 13.3
Invocations    | 3 4 9 13 | 13.6
Evocations     | 3 4 |  4.0
Spellcasting   | 3 5 |  5.0
Ice Magic      | 6 |  6.0
Summonings     | 4 |  4.0

Action                   |  1- 3 |  4- 6 |  7- 9 | 10-12 | 13-15 || total
-------------------------+-------+-------+-------+-------+-------++-------
Melee: Unarmed           |   123 |   124 |   274 |   545 |   527 ||  1593
       Kick              |    23 |     5 |       |       |       ||    28
       Headbutt          |    15 |     2 |       |       |       ||    17
       Tailslap          |    12 |     4 |     6 |     4 |    19 ||    45
       Punch             |     3 |       |     2 |     3 |    13 ||    21
 Cast: Beastly Appendage |    32 |    13 |       |       |       ||    45
       Wereblood         |    12 |     9 |    23 |    32 |    35 ||   111
       Spider Form       |       |    13 |    36 |    66 |    20 ||   135
       Ice Form          |       |       |       |       |    22 ||    22
       Summon Ice Beast  |       |       |       |       |     6 ||     6
       Blade Hands       |       |       |       |       |    26 ||    26
Invok: Heroism           |       |       |     3 |    13 |     7 ||    23
       Finesse           |       |       |       |     3 |       ||     3
 Abil: Breathe Dispellin |       |       |     4 |     7 |     3 ||    14
       End Transformatio |       |       |     1 |       |     1 ||     2
Evoke: Wand              |       |       |     5 |    28 |     7 ||    40
  Use: Scroll            |       |     6 |     5 |    13 |     2 ||    26
       Potion            |       |     2 |     4 |     2 |     2 ||    10
 Stab: Sleeping          |     1 |       |       |     2 |     1 ||     4
       Distracted        |       |       |       |       |     1 ||     1
Armor: Skin              |    36 |    23 |    25 |    80 |   125 ||   289
Dodge: Dodged            |    87 |    95 |   234 |   611 |   402 ||  1429

Table legend: (Time is in decaauts)
 A = Elapsed time spent in this place.
 B = Non-inter-level travel time spent in this place.
 C = Inter-level travel time spent in this place.
 D = Time resting spent in this place.
 E = Time spent auto-exploring this place.
 F = Levels seen in this place.
 G = Mean time per level.
                   A        B        C        D        E       F      G
               +--------+--------+--------+--------+--------+-----+--------+
         Total |  22796 |  20970 |   1826 |   4098 |  13219 |  20 | 1139.8 |
       Dungeon |  14399 |  12924 |   1475 |   2363 |   8439 |  12 | 1199.9 |
          Lair |   6425 |   6123 |    302 |   1187 |   3903 |   5 | 1285.0 |
  Orcish Mines |   1560 |   1512 |     48 |    492 |    666 |   2 |  780.0 |
        Bailey |    411 |    411 |      0 |     56 |    210 |   1 |  411.0 |
               +--------+--------+--------+--------+--------+-----+--------+

Top non-repeatable levels by time:
  Lair:5: 2135 daAuts
     D:5: 1780 daAuts
    D:10: 1744 daAuts
     D:7: 1459 daAuts
   Orc:1: 1424 daAuts
     D:9: 1375 daAuts
     D:3: 1313 daAuts
  Lair:3: 1303 daAuts
     D:4: 1221 daAuts
    D:11: 1185 daAuts
     D:8: 1052 daAuts
  Lair:2: 1024 daAuts
     D:6: 999 daAuts
  Lair:1: 998 daAuts
  Lair:4: 963 daAuts
